 Dungeon Crawl Stone Soup version 0.29.0-4-gdea44cf6ec (webtiles) character file.

Game seed: 9586440416091168120

16704 qw the Severer (level 12, -14/106 HPs)
             Began as a Minotaur Berserker on Sept 4, 2022.
             Was a Priest of Trog.
             Demolished by a culicivora (18 damage)
             ... on level 3 of the Lair of Beasts.
             The game lasted 00:03:49 (14455 turns).

qw the Severer (Minotaur Berserker)                Turns: 14455, Time: 00:03:50

Health: -14/106    AC: 20    Str: 28    XL:     12   Next: 12%
Magic:  11/11      EV:  8    Int:  4    God:    Trog [***...]
Gold:   933        SH:  5    Dex:  9    Spells: 11/11 levels left

rFire   . . .      SeeInvis .   Y - +0 broad axe (flame)
rCold   . . .      Faith    .   j - +0 buckler
rNeg    . . .      Spirit   .   h - +0 plate armour
rPois   .          Reflect  .   (helmet restricted)
rElec   .          Harm     .   d - +0 cloak
rCorr   .          Rampage  .   i - +0 pair of gloves
Will    .....                   (no boots)
Stlth   ..........              g - amulet of the acrobat
HPRegen 0.27/turn               l - +4 ring of protection
MPRegen 0.12/turn               (no ring)

@: about to teleport, on berserk cooldown, slowed, very slow
A: horns 2, retaliatory headbutt
a: Renounce Religion, Berserk, Trog's Hand


You were on level 3 of the Lair of Beasts.
You worshipped Trog.
Trog was most pleased with you.
You visited 2 branches of the dungeon, and saw 11 of its levels.

You collected 996 gold pieces.
You spent 63 gold pieces at shops.


Innate Abilities, Weirdness & Mutations

You have a pair of horns on your head.
You reflexively headbutt those who attack you in melee.


   Skills:
 - Level 10.0 Fighting
 + Level 17.8 Axes
 - Level 5.2 Throwing
 - Level 9.0 Armour
 - Level 3.4 Dodging
 - Level 6.1 Shields


You had 11 spell levels left.
You didn't know any spells.
Your spell library was empty.

Inventory:

Hand Weapons
 Y - a +0 broad axe of flaming (weapon)
Missiles
 n - 8 javelins
 r - a silver javelin (quivered)
Armour
 d - a +0 cloak (worn)
 h - a +0 plate armour (worn)
 i - a +0 pair of gloves (worn)
 j - a +0 buckler (worn)
Jewellery
 g - an amulet of the acrobat (around neck)
 l - a +4 ring of protection (left hand)
 p - an amulet of guardian spirit
Scrolls
 a - a scroll of identify
Potions
 b - a potion of mutation
 c - 3 potions of curing
 k - a potion of cancellation
 m - a potion of might
 o - a potion of haste

Dungeon Overview and Level Annotations

Branches:
Dungeon (8/15)             Temple (0/1) D:5            Lair (3/5) D:8
 Spider (0/4) Lair:3
  Swamp: Lair:2-3    Shoals: Lair:2-3

Altars:
Dithmenos
Fedhas
Kikubaaqudgha
Makhleb
Okawaru
Qazlal
Ru
Trog
Vehumet
Wu Jian
Yredelemnul
Zin

Shops:
D:3 [   D:8 [

Annotations:
D:3 1 runed translucent door, Crazy Yiuf


Message History

You block the culicivora's attack. The culicivora closely misses you.
You barely miss the culicivora.
The culicivora is moderately wounded.
You hit the culicivora but do no damage.
The culicivora bites you!
The culicivora draws strength from your injuries!
The culicivora bites you but does no damage.
You closely miss the culicivora.
The culicivora is lightly wounded.
You slash the culicivora! You burn the culicivora. The culicivora bites you!
The culicivora draws strength from your injuries!
The culicivora bites you but does no damage.
The culicivora bites you!
The culicivora draws strength from your injuries!
The culicivora bites you.
The culicivora draws strength from your injuries!
You slash the culicivora! You burn the culicivora. You headbutt the culicivora.
The culicivora is severely wounded.
You slash the culicivora! You burn the culicivora.
The culicivora completely misses you. You furiously retaliate!
You headbutt the culicivora, but do no damage.
The culicivora bites you!
The culicivora draws strength from your injuries!
You miss the culicivora.
The culicivora is heavily wounded.
You miss the culicivora. The culicivora bites you!
The culicivora draws strength from your injuries!
You block the culicivora's attack. The culicivora bites you!
The culicivora draws strength from your injuries!
The culicivora bites you!
The culicivora draws strength from your injuries!
14455 ||| READING scroll of teleportation.
As you read the scroll of teleportation, it crumbles to dust.
You feel strangely unstable.
The culicivora is healed somewhat.
The culicivora bites you!
The culicivora draws strength from your injuries!
You block the culicivora's attack. The culicivora bites you!!
You die...

.........~~~~~~~
#..........~.~~
#.......?......
#P............
#.P...........
#....%<.......
##....#.......
#....%##...F..
#.....@#####P.
#.....ss.# .
......##.....#
...... ##^..^.#
.(.(.. #.!...#
####.. .^^... ##
##..>. #...


You could see 2 culicivoras.

Vanquished Creatures
  A hydra (Lair:1)
  A two-headed ogre (D:8)
  Urug (Lair:2)
  Amaemon (Lair:2)
  A manticore (D:7)
  4 elephants (Lair:1)
  Maurice (D:8)
  Joseph (D:8)
  An orange demon (Lair:2)
  5 cane toads
  3 komodo dragons (Lair:2)
  3 polar bears
  4 blink frogs
  A culicivora (Lair:3)
  2 wyverns
  18 yaks
  A steam dragon (D:8)
  6 water moccasins
  An orc warrior (D:7)
  3 sky beasts (D:7)
  5 black bears
  3 ogres
  11 wolves (Lair:2)
  A centaur (D:8)
  A kobold brigand (D:6)
  A phantom (D:5)
  2 necrophages
  11 bullfrogs
  11 killer bees
  5 howler monkeys
  2 electric eels (Lair:1)
  2 hounds
  2 jellies
  An orc priest (D:5)
  A gnoll bouda (D:7)
  Jessica (D:3)
  4 iguanas
  3 orc wizards
  4 gnolls
  11 adders
  3 white imps
  3 ufetubi
  3 dart slugs
  16 orcs
  4 bats
  11 endoplasms
  2 giant cockroaches (D:3)
  5 goblins
  8 hobgoblins
  8 jackals
  11 kobolds
  4 quokkas
  6 ball pythons
  5 frilled lizards
  5 rats
  A spectral orc (D:8)
236 creatures vanquished.

Vanquished Creatures (others)
  A fungus (Lair:3)
  4 plants
5 creatures vanquished.

Grand Total: 241 creatures vanquished

Notes
Turn   | Place    | Note
-------+----------+-------------------------------------------
     0 | D:1      | qw the Minotaur Berserker began the quest for the Orb.
     0 | D:1      | Reached XP level 1. HP: 19/19 MP: 0/0
     0 | D:1      | 0 ||| qw: Version: 0.1-a-103-gd6f5d3a
     0 | D:1      | 0 ||| qw: Game counter: 5595
     0 | D:1      | 0 ||| qw: Always use a shield: true
     0 | D:1      | 0 ||| qw: Do Orc after D:15 true
     0 | D:1      | 0 ||| qw: Do second Lair branch before Depths: true
     0 | D:1      | 0 ||| qw: Lair rune preference: random
     0 | D:1      | 0 ||| qw: Plans: Normal
     0 | D:1      | 0 ||| PLANNING D:1-11
   138 | D:1      | Reached skill level 4 in Axes
   342 | D:1      | 342 ||| Stepping ~*~*~tactically~*~*~ (stealth).
   347 | D:1      | Reached XP level 2. HP: 26/26 MP: 1/1
   350 | D:1      | 350 ||| Stepping ~*~*~tactically~*~*~ (stealth).
   625 | D:1      | 625 ||| Stepping ~*~*~tactically~*~*~ (hiding).
   727 | D:1      | 727 ||| Stepping ~*~*~tactically~*~*~ (hiding).
   730 | D:1      | 730 ||| INVOKING Berserk.
   734 | D:1      | Reached skill level 5 in Axes
   890 | D:1      | Reached XP level 3. HP: 29/31 MP: 2/2
   982 | D:1      | 982 ||| Stepping ~*~*~tactically~*~*~ (hiding).
  1128 | D:1      | Reached ** piety under Trog
  1335 | D:1      | 1335 ||| READING 2 scrolls labelled DOHAFE ZORUO.
  1336 | D:1      | 1336 ||| READING scroll labelled EMEIZY ZEESEY.
  1337 | D:1      | 1337 ||| READING scroll labelled EFUGAT ZIPEM.
  1367 | D:2      | Found a glowing silver altar of Zin.
  1425 | D:2      | 1425 ||| Stepping ~*~*~tactically~*~*~ (stealth).
  1430 | D:2      | 1430 ||| Stepping ~*~*~tactically~*~*~ (stealth).
  1476 | D:2      | 1476 ||| Stepping ~*~*~tactically~*~*~ (stealth).
  1843 | D:2      | 1843 ||| DROPPING +0 club.
  1983 | D:2      | 1983 ||| Stepping ~*~*~tactically~*~*~ (hiding).
  2091 | D:2      | Found a faded altar of an unknown god.
  2104 | D:2      | Reached XP level 4. HP: 39/39 MP: 3/3
  2151 | D:2      | Reached skill level 6 in Axes
  2641 | D:2      | 2641 ||| UPGRADING to +0 cloak.
  2646 | D:2      | 2646 ||| UPGRADING to +0 scale mail.
  2656 | D:2      | 2656 ||| DROPPING +0 animal skin.
  2657 | D:2      | 2657 ||| READING scroll labelled HOCUQU RIUMNA.
  2658 | D:2      | 2658 ||| READING scroll labelled APPEFUDGHYW.
  2659 | D:2      | 2659 ||| READING scroll labelled DECASOHAAR.
  2660 | D:2      | 2660 ||| READING scroll labelled PYMEQO PARO.
  2661 | D:2      | 2661 ||| READING 2 scrolls of identify.
  2661 | D:2      | 2661 ||| IDENTIFYING metallic silvery potion
  2755 | D:3      | Found a runed translucent door.
  2756 | D:3      | Noticed Crazy Yiuf
  2812 | D:3      | 2812 ||| DROPPING +0 mace.
  2849 | D:3      | 2849 ||| Stepping ~*~*~tactically~*~*~ (stealth).
  3084 | D:3      | Found Vauh's Armour Shop.
  3092 | D:3      | 3092 ||| BUYING +0 chain mail (63 gold).
  3092 | D:3      | Bought a +0 chain mail for 63 gold pieces
  3092 | D:3      | 3092 ||| SHOPLISTING +1 pair of boots of rampaging (231
                  | gold, have 50).
  3092 | D:3      | 3092 ||| SHOPLISTING +4 troll leather armour "Jeak" {Drain
                  | rPois rN+ Regen+} (627 gold, have 50).
  3115 | D:3      | Found a burning altar of Makhleb.
  3147 | D:3      | Noticed Jessica
  3148 | D:3      | 3148 ||| Stepping ~*~*~tactically~*~*~ (hiding).
  3149 | D:3      | 3149 ||| Stepping ~*~*~tactically~*~*~ (stealth).
  3152 | D:3      | Killed Jessica
  3229 | D:3      | Found a blossoming altar of Fedhas.
  3261 | D:3      | Found a shadowy altar of Dithmenos.
  3311 | D:3      | 3311 ||| Stepping ~*~*~tactically~*~*~ (stealth).
  3387 | D:3      | Reached XP level 5. HP: 43/45 MP: 4/4
  3482 | D:3      | 3482 ||| UPGRADING to +0 chain mail.
  3492 | D:3      | 3492 ||| DROPPING +0 scale mail.
  3493 | D:3      | 3493 ||| READING 2 scrolls of identify.
  3493 | D:3      | 3493 ||| IDENTIFYING sedimented green potion
  3494 | D:3      | 3494 ||| DROPPING potion of invisibility.
  3539 | D:4      | Reached skill level 7 in Axes
  3621 | D:4      | 3621 ||| Stepping ~*~*~tactically~*~*~ (hiding).
  4468 | D:4      | 4468 ||| READING scroll labelled KEOMNE COPLIG.
  4469 | D:4      | 4469 ||| READING 3 scrolls of identify.
  4469 | D:4      | 4469 ||| IDENTIFYING blue potion
  4470 | D:4      | 4470 ||| READING 2 scrolls of identify.
  4470 | D:4      | 4470 ||| IDENTIFYING silvery potion
  4471 | D:4      | 4471 ||| DROPPING potion of flight.
  4472 | D:4      | 4472 ||| DROPPING potion of magic.
  4480 | D:5      | Entered Level 5 of the Dungeon
  4482 | D:5      | 4482 ||| Stepping ~*~*~tactically~*~*~ (stealth).
  4483 | D:5      | 4483 ||| Stepping ~*~*~tactically~*~*~ (stealth).
  4486 | D:5      | Noticed a phantom
  4498 | D:5      | Killed a phantom
  4507 | D:5      | Reached XP level 6. HP: 37/52 MP: 5/5
  4530 | D:5      | 4530 ||| Stepping ~*~*~tactically~*~*~ (stealth).
  4531 | D:5      | 4531 ||| Stepping ~*~*~tactically~*~*~ (stealth).
  4592 | D:5      | 4592 ||| Stepping ~*~*~tactically~*~*~ (stealth).
  4597 | D:5      | 4597 ||| Stepping ~*~*~tactically~*~*~ (stealth).
  4598 | D:5      | 4598 ||| Stepping ~*~*~tactically~*~*~ (stealth).
  4630 | D:5      | 4630 ||| SWAPPING to +0 war axe.
  4636 | D:5      | 4636 ||| DROPPING +0 hand axe of protection.
  4645 | D:5      | 4645 ||| INVOKING Berserk.
  4648 | D:5      | Reached skill level 8 in Axes
  4685 | D:5      | 4685 ||| Stepping ~*~*~tactically~*~*~ (stealth).
  4807 | D:5      | 4807 ||| Stepping ~*~*~tactically~*~*~ (stealth).
  4809 | D:5      | 4809 ||| INVOKING Berserk.
  4996 | D:5      | Identified the +2 falchion of the Mauling Gods {freeze,
                  | rC++}
  5003 | D:5      | Reached skill level 9 in Axes
  5170 | D:5      | 5170 ||| INVOKING Berserk.
  5176 | D:5      | Reached skill level 3 in Armour
  5401 | D:5      | Reached XP level 7. HP: 60/60 MP: 6/6
  5411 | D:5      | 5411 ||| INVOKING Berserk.
  5540 | D:5      | Found a staircase to the Ecumenical Temple.
  5681 | D:5      | 5681 ||| READING scroll labelled LAYROI IWNE.
  5733 | D:6      | 5733 ||| SWAPPING to +0 broad axe.
  5734 | D:6      | 5734 ||| DROPPING +0 war axe.
  5742 | D:6      | 5742 ||| Stepping ~*~*~tactically~*~*~ (hiding).
  5749 | D:6      | Reached *** piety under Trog
  5764 | D:6      | 5764 ||| Stepping ~*~*~tactically~*~*~ (hiding).
  5886 | D:6      | 5886 ||| Stepping ~*~*~tactically~*~*~ (stealth).
  5887 | D:6      | 5887 ||| Stepping ~*~*~tactically~*~*~ (stealth).
  5888 | D:6      | 5888 ||| INVOKING Berserk.
  5897 | D:6      | Reached skill level 10 in Axes
  6116 | D:6      | 6116 ||| Stepping ~*~*~tactically~*~*~ (stealth).
  6129 | D:6      | 6129 ||| Stepping ~*~*~tactically~*~*~ (stealth).
  6139 | D:6      | 6139 ||| INVOKING Berserk.
  6531 | D:6      | Identified the +0 helmet "Xumaenamn" {rPois}
  6592 | D:6      | 6592 ||| UPGRADING to +0 pair of gloves.
  6597 | D:6      | 6597 ||| UPGRADING to +0 buckler.
  6602 | D:6      | 6602 ||| UPGRADING to +4 ring of protection.
  6603 | D:6      | 6603 ||| DRINKING 3 pink potions.
  6656 | D:6      | 6656 ||| READING 3 scrolls of identify.
  6656 | D:6      | 6656 ||| IDENTIFYING bubbling clear potion
  6657 | D:6      | 6657 ||| READING 2 scrolls of identify.
  6657 | D:6      | 6657 ||| IDENTIFYING green potion
  6658 | D:6      | 6658 ||| DROPPING potion of degeneration.
  6659 | D:6      | 6659 ||| DROPPING potion of brilliance.
  6660 | D:6      | 6660 ||| DROPPING 2 potions of lignification.
  6767 | D:7      | Reached XP level 8. HP: 54/70 MP: 7/7
  6888 | D:7      | 6888 ||| Stepping ~*~*~tactically~*~*~ (stealth).
  6893 | D:7      | Reached skill level 3 in Shields
  6906 | D:7      | 6906 ||| Stepping ~*~*~tactically~*~*~ (stealth).
  6907 | D:7      | 6907 ||| Stepping ~*~*~tactically~*~*~ (stealth).
  6908 | D:7      | 6908 ||| Stepping ~*~*~tactically~*~*~ (stealth).
  6909 | D:7      | 6909 ||| Stepping ~*~*~tactically~*~*~ (stealth).
  6943 | D:7      | 6943 ||| INVOKING Berserk.
  6947 | D:7      | Reached skill level 6 in Fighting
  6977 | D:7      | HP: 17/70 [killer bee (6)]
  6978 | D:7      | 6978 ||| READING 3 scrolls of teleportation.
  6986 | D:7      | 6986 ||| READING 2 scrolls of teleportation.
  6987 | D:7      | 6987 ||| INVOKING Berserk.
  6988 | D:7      | HP: 10/105 [iguana (7)]
  6995 | D:7      | 6995 ||| READING scroll of teleportation.
  7127 | D:7      | 7127 ||| Stepping ~*~*~tactically~*~*~ (stealth).
  7130 | D:7      | 7130 ||| INVOKING Berserk.
  7202 | D:7      | 7202 ||| FLEEEEING.
  7302 | D:7      | Reached skill level 11 in Axes
  7404 | D:7      | 7404 ||| Stepping ~*~*~tactically~*~*~ (stealth).
  7528 | D:7      | Noticed a manticore
  7529 | D:7      | 7529 ||| INVOKING Berserk.
  7535 | D:7      | Killed a manticore
  7536 | D:7      | Reached skill level 12 in Axes
  7539 | D:7      | Reached XP level 9. HP: 74/78 MP: 8/8
  7743 | D:7      | 7743 ||| Stepping ~*~*~tactically~*~*~ (hiding).
  7745 | D:7      | 7745 ||| Stepping ~*~*~tactically~*~*~ (hiding).
  7748 | D:7      | 7748 ||| INVOKING Berserk.
  7889 | D:7      | 7889 ||| INVOKING Berserk.
  7936 | D:7      | 7936 ||| Stepping ~*~*~tactically~*~*~ (stealth).
  7997 | D:7      | 7997 ||| Stepping ~*~*~tactically~*~*~ (stealth).
  7998 | D:7      | 7998 ||| Stepping ~*~*~tactically~*~*~ (stealth).
  8003 | D:7      | 8003 ||| Stepping ~*~*~tactically~*~*~ (stealth).
  8010 | D:7      | 8010 ||| INVOKING Berserk.
  8465 | D:7      | Found an iron altar of Okawaru.
  8518 | D:7      | Reached skill level 13 in Axes
  8737 | D:7      | 8737 ||| UPGRADING to +0 plate armour.
  8747 | D:7      | 8747 ||| DROPPING +0 chain mail.
  8755 | D:8      | 8755 ||| STAIRDANCE
  8763 | D:7      | Reached skill level 6 in Armour
  8863 | D:8      | 8863 ||| STAIRDANCE
  9021 | D:8      | Found a staircase to the Lair.
  9147 | D:8      | Noticed a two-headed ogre
  9152 | D:8      | 9152 ||| INVOKING Berserk.
  9155 | D:8      | Killed a two-headed ogre
  9156 | D:8      | Reached XP level 10. HP: 88/88 MP: 9/9
  9290 | D:8      | 9290 ||| READING scroll of brand weapon.
  9290 | D:8      | 9290 ||| BRANDING +0 broad axe.
  9291 | D:8      | 9291 ||| DROPPING +0 flail.
  9438 | D:8      | Noticed Joseph
  9441 | D:8      | Reached skill level 14 in Axes
  9441 | D:8      | 9441 ||| Stepping ~*~*~tactically~*~*~ (hiding).
  9448 | D:8      | Killed Joseph
  9666 | D:8      | 9666 ||| INVOKING Berserk.
  9668 | D:8      | Noticed Maurice
  9698 | D:8      | HP: 21/88 [something (3)]
  9701 | D:8      | 9701 ||| READING 2 scrolls of teleportation.
 10100 | D:8      | Found Exo Put's Armour Shop.
 10105 | D:8      | 10105 ||| SHOPLISTING +4 plate armour of poison resistance
                  | (705 gold, have 0).
 10122 | D:8      | Found a basalt altar of Yredelemnul.
 10178 | D:8      | Found a radiant altar of Vehumet.
 10194 | D:8      | Found a bloodstained altar of Trog.
 10196 | D:8      | Found a stormy altar of Qazlal.
 10196 | D:8      | Found an ancient bone altar of Kikubaaqudgha.
 10196 | D:8      | Found a sacrificial altar of Ru.
 10198 | D:8      | Found an ornate altar of the Wu Jian Council.
 10410 | D:8      | 10410 ||| Stepping ~*~*~tactically~*~*~ (hiding).
 10422 | D:8      | Killed Maurice
 10455 | D:8      | 10455 ||| Stepping ~*~*~tactically~*~*~ (stealth).
 10778 | D:8      | 10778 ||| PLANNING LAIR
 10778 | D:8      | 10778 ||| READING scroll labelled LIECOU FOFO.
 10779 | D:8      | 10779 ||| READING 3 scrolls of identify.
 10779 | D:8      | 10779 ||| IDENTIFYING viscous pink potion
 10780 | D:8      | 10780 ||| READING 2 scrolls of identify.
 10780 | D:8      | 10780 ||| IDENTIFYING puce potion
 10781 | D:8      | 10781 ||| DROPPING potion of attraction.
 10816 | Lair:1   | Entered Level 1 of the Lair of Beasts
 10825 | Lair:1   | Reached skill level 15 in Axes
 11014 | Lair:1   | Noticed a cane toad
 11017 | Lair:1   | 11017 ||| INVOKING Berserk.
 11018 | Lair:1   | Killed a cane toad
 11019 | Lair:1   | Reached skill level 9 in Fighting
 11173 | Lair:1   | Noticed an elephant
 11173 | Lair:1   | Noticed an elephant
 11174 | Lair:1   | Noticed an elephant
 11175 | Lair:1   | Noticed an elephant
 11189 | Lair:1   | Killed an elephant
 11190 | Lair:1   | Killed an elephant
 11193 | Lair:1   | 11193 ||| INVOKING Berserk.
 11195 | Lair:1   | Killed an elephant
 11196 | Lair:1   | Killed an elephant
 11230 | Lair:1   | HP: 19/91 [electric eel/bolt of electricity (5)]
 11231 | Lair:1   | 11231 ||| READING 2 scrolls of teleportation.
 11232 | Lair:1   | HP: 7/91 [electric eel/bolt of electricity (13)]
 11233 | Lair:1   | HP: 1/91 [electric eel/bolt of electricity (6)]
 11610 | Lair:1   | Reached XP level 11. HP: 97/97 MP: 10/10
 11880 | Lair:1   | 11880 ||| INVOKING Berserk.
 12115 | Lair:1   | 12115 ||| DROPPING +1 vorpal war axe.
 12171 | Lair:1   | Noticed a four-headed hydra
 12176 | Lair:1   | 12176 ||| INVOKING Berserk.
 12184 | Lair:1   | Killed a one-headed hydra
 12400 | Lair:1   | 12400 ||| UPGRADING to amulet of the acrobat.
 12405 | Lair:1   | 12405 ||| READING scroll labelled LYEROE PIFI.
 12406 | Lair:1   | 12406 ||| DRINKING 2 fuming pink potions.
 12407 | Lair:1   | 12407 ||| DRINKING 2 fizzy ruby potions.
 12436 | Lair:2   | Noticed Amaemon
 12438 | Lair:2   | 12438 ||| INVOKING Berserk.
 12444 | Lair:2   | Reached skill level 1 in Throwing
 12444 | Lair:2   | Killed Amaemon
 12445 | Lair:2   | Reached skill level 3 in Throwing
 12480 | Lair:2   | 12480 ||| FLEEEEING.
 12484 | Lair:2   | 12484 ||| INVOKING Berserk.
 12487 | Lair:2   | Reached skill level 16 in Axes
 12614 | Lair:2   | Noticed Urug
 12618 | Lair:2   | 12618 ||| INVOKING Berserk.
 12625 | Lair:2   | Reached skill level 6 in Shields
 12628 | Lair:2   | Reached skill level 3 in Dodging
 12634 | Lair:2   | Killed Urug
 12773 | Lair:2   | 12773 ||| INVOKING Berserk.
 12884 | Lair:2   | 12884 ||| INVOKING Berserk.
 12894 | Lair:2   | Reached skill level 17 in Axes
 12986 | Lair:2   | 12986 ||| INVOKING Berserk.
 13100 | Lair:2   | 13100 ||| INVOKING Berserk.
 13104 | Lair:2   | Reached skill level 9 in Armour
 13142 | Lair:2   | Reached **** piety under Trog
 13520 | Lair:2   | 13520 ||| Stepping ~*~*~tactically~*~*~ (stealth).
 13530 | Lair:2   | 13530 ||| FLEEEEING.
 13532 | Lair:2   | 13532 ||| FLEEEEING.
 13533 | Lair:2   | 13533 ||| FLEEEEING.
 13534 | Lair:2   | 13534 ||| FLEEEEING.
 13694 | Lair:2   | 13694 ||| READING 2 scrolls labelled ELAYZI EPNOIV.
 13695 | Lair:2   | 13695 ||| READING scroll labelled HOCSAIK ODGHYRA.
 13696 | Lair:2   | 13696 ||| READING 2 scrolls of identify.
 13696 | Lair:2   | 13696 ||| IDENTIFYING golden potion
 13697 | Lair:2   | 13697 ||| DROPPING scroll of fear.
 13707 | Lair:3   | 13707 ||| STAIRDANCE
 13712 | Lair:3   | 13712 ||| STAIRDANCE
 13714 | Lair:2   | 13714 ||| INVOKING Berserk.
 13859 | Lair:3   | 13859 ||| STAIRDANCE
 13861 | Lair:2   | 13861 ||| INVOKING Berserk.
 13866 | Lair:2   | Reached XP level 12. HP: 106/106 MP: 11/11
 13982 | Lair:3   | 13982 ||| STAIRDANCE
 13984 | Lair:2   | 13984 ||| INVOKING Berserk.
 14122 | Lair:3   | 14122 ||| INVOKING Berserk.
 14128 | Lair:3   | 14128 ||| STAIRDANCE
 14170 | Lair:3   | 14170 ||| STAIRDANCE
 14202 | Lair:3   | 14202 ||| STAIRDANCE
 14204 | Lair:2   | 14204 ||| INVOKING Berserk.
 14324 | Lair:3   | 14324 ||| STAIRDANCE
 14326 | Lair:2   | 14326 ||| INVOKING Berserk.
 14436 | Lair:3   | 14436 ||| INVOKING Berserk.
 14444 | Lair:3   | Found a hole to the Spider Nest.
 14454 | Lair:3   | HP: 17/106 [culicivora (13)]
 14455 | Lair:3   | 14455 ||| READING scroll of teleportation.
 14455 | Lair:3   | HP: 4/106 [culicivora (7)]
 14455 | Lair:3   | Demolished by a culicivora

Levels and vault maps discovered:
D:1:      erik_arrival_triangle_small, layout_loops_cross, minivault_26
D:2:      layout_basic, serial_forest, infiniplex_forest_corner_1,
          infiniplex_forest_diagonal, infiniplex_forest_split,
          infiniplex_forest_corner_2, infiniplex_forest_lined_1,
          infiniplex_forest_lined_2, infiniplex_forest_clump_large,
          infiniplex_forest_split, shapermc_ecumenical_altar_mp_ritualfount,
          basic_altar, interstate_on_off, roderic_roman_lattice,
          grunt_decor_arrowhead, minmay_cupped
D:3:      layout_basic, mainiacjoe_overflow_boulevard, amcnicky_altar_gilded,
          lightli_temple_of_fire, serial_shops, shop, uniq_jessica,
          uniq_crazy_yiuf_cottage
D:4:      layout_basic, serial_glass, glass_columns_a, glass_columns_a
D:5:      layout_loops_cross, temple_hall
D:6:      layout_loops_cross, minmay_splitting_lines
D:7:      minmay_polygon_palace, layout_basic,
          mainiacjoe_overflow_surrounded_room, chequers_arboretum
D:8:      layout_loops_ring, yredelemnul_forgotten_temple_becter, minitemple,
          dpeg_oklobed_lair, serial_shops, nicolae_shop_hallway_plus,
          grunt_decor_fettered, eino_jars, uniq_joseph, uniq_maurice
Lair:1:   layout_regular_city, infiniplex_staircase_pool
Lair:2:   layout_cave_shapes, uniq_amaemon, uniq_urug
Lair:3:   beast_lair_carwin_large_4, layout_layer_cave,
          nicolae_swamp_entry_splash_gauntlet, spider_nest_entry_funnel_web,
          gammafunk_ghost_hydra_chop, uniq_fannar

Skill      XL: |  1  2  3  4  5  6  7  8  9 10 11 |
---------------+----------------------------------+-----
Axes           | 4 5 6 7 9 10 12 13 15 17 | 17.8
Fighting       | 4 5 6 8 9 10 | 10.0
Armour         | 3 4 7 8 9 |  9.0
Shields        | 2 4 5 6 |  6.1
Throwing       | 5 |  5.2
Dodging        | 3 |  3.4

Action                   |  1- 3 |  4- 6 |  7- 9 | 10-12 || total
-------------------------+-------+-------+-------+-------++-------
Melee: Hand axe          |    87 |    93 |       |       ||   180
       Headbutt          |    10 |    18 |    24 |    31 ||    83
       War axe           |       |    36 |     9 |       ||    45
       Broad axe         |       |       |   189 |   228 ||   417
       Punch             |       |       |     1 |       ||     1
Throw: Javelin           |       |       |       |    19 ||    19
Invok: Berserk           |     1 |     3 |    11 |    19 ||    34
  Use: Scroll            |     3 |     9 |     6 |    11 ||    29
       Potion            |       |       |     1 |     2 ||     3
Armor: Animal skin       |     6 |     2 |       |       ||     8
       Scale mail        |       |    17 |       |       ||    17
       Chain mail        |       |    23 |   108 |       ||   131
       Plate armour      |       |       |    30 |   157 ||   187
Dodge: Dodged            |    40 |    46 |    92 |    95 ||   273
Block: Buckler           |       |       |    28 |    58 ||    86

Table legend:
 A = Non-vault XP
 B = Vault XP
 C = Vault XP percentage of total XP
 D = Non-vault monster count
 E = Vault monster count
 F = Vault count percentage of total count
                 A         B        C        D         E       F
            +---------+---------+-------+---------+---------+-------
      Total |   17390 |    6473 |  27.1 |     197 |      39 |  16.5
            +---------+---------+-------+---------+---------+-------
        D:1 |      51 |       0 |   0.0 |      21 |       0 |   0.0
        D:2 |      34 |      19 |  35.8 |      17 |       4 |  19.0
        D:3 |      55 |      37 |  40.2 |      22 |       1 |   4.3
        D:4 |      67 |       0 |   0.0 |       7 |       0 |   0.0
        D:5 |     592 |       0 |   0.0 |      27 |       0 |   0.0
        D:6 |     484 |       0 |   0.0 |      16 |       0 |   0.0
        D:7 |    1541 |    1414 |  47.9 |      18 |      14 |  43.8
        D:8 |    1977 |    1243 |  38.6 |      14 |       8 |  36.4
     Lair:1 |    4501 |       0 |   0.0 |      15 |       0 |   0.0
     Lair:2 |    7814 |    3006 |  27.8 |      39 |       8 |  17.0
     Lair:3 |     274 |     754 |  73.3 |       1 |       4 |  80.0
            +---------+---------+-------+---------+---------+-------
